AoeStats
← bischlar

Four Lakes

510209754Analyzed
1v1 RM · 15h ago on Sep 30, 2026· 29m 8s· 2 players
Game mode
Random Map
Map size
Tiny (2 player)
Population
200
Speed
Normal
Resources
Standard
Victory
Conquest
Starting age
Dark Age
Ending age
Imperial Age
RankedLock teamsTeams togetherTeam positionsShared explorationLock speedFull tech treeHidden civsTurbo modeCheats
Victory
Defeat
🇨🇦 Danes · Canada
980
+15
🇫🇷 Aztecs · France
949
-44
armandfort21
10:20 Feudal Age
12:48 Scale Mail Armor
12:59 Forging
14:02 Double-Bit Axe
22:52 Castle Age
24:08 Bow Saw
23:42 Horse Collar
24:03 Pikeman
24:43 Squires
25:03 Chain Mail Armor
28:26 Iron Casting
bischlar
8:31 Loom
11:28 Feudal Age
11:56 Double-Bit Axe
12:48 Man-at-Arms
14:10 Scale Mail Armor
15:19 Wheelbarrow
14:39 Fletching
19:14 Gold Mining
20:43 Arson
20:47 Fishing Lines
25:15 Castle Age
23:20 Padded Archer Armor
24:19 Town Watch
25:42 Forging
25:28 Crossbowman
26:06 Bodkin Arrow
26:15 Squires
26:43 Gambesons
28:37 Leather Archer Armor
27:46 Long Swordsman
Connection lost

Rejoining the realm…

Still unreachable

The connection could not be restored.

Session expired

The server has moved on; the page needs a fresh start.